[Event "*** SCC Grand Prix: Titled Tuesday Blitz"]
[Site "Chess.com"]
[Date "2020.08.04"]
[Round "2"]
[White "andy_rekt"]
[Black "XiaoKangZhong"]
[Result "1/2-1/2"]
[WhiteElo "2221"]
[BlackElo "2426"]
[TimeControl "180+1"]
[EndTime "14:03:56 PDT"]
[Termination "Game drawn by stalemate"]

1. d4 Nf6 2. c4 g6 3. Nc3 d5 4. Bf4 Bg7 5. e3 O-O 6. Rc1 c6 7. c5 Bg4 8. Qb3 Qc8 9. h3 Bd7 10. Nf3 Ne4 11. Nxe4 dxe4 12. Nd2 Be6 13. Qc2 f5 14. Bc4 Bd5 15. O-O e6 16. f3 exf3 17. Nxf3 Nd7 18. Ng5 Re8 19. e4 Bxd4+ 20. Kh1 fxe4 21.
Nxe4 Nxc5 22. Nxc5 Bxc5 23. Bxd5 cxd5 24. Qxc5 Qxc5 25.
Rxc5 Rac8 26. Rfc1 Rxc5 27. Rxc5 Rf8 28. Be5 Rf1+ 29. Kh2 Re1 30. Rc8+ Kf7 31. Rc7+ Ke8 32. Bd6 d4 33. Rxb7 d3 34. Bf4 e5 35. Bg5 h6 36.
Bxh6 e4 37. Rb4 Kd7 38. Rd4+ Ke6 39. Bf4 Kf5 40. Kg3 g5 41. Rd5+ Kf6 42. Bxg5+ Ke6 43. Rd8 Re2 44. b4 Rxa2 45. h4 Rb2 46. h5 Kf5 47.
Be3 Rxb4 48. h6 Rb7 49. Rd5+ Ke6 50. Rh5 Rh7 51. Kg4 a6 52. Kg5 Kf7 53. Kf5 d2 54.
Bxd2 Ke7 55. Kxe4 Kf6 56. Bc3+ Kg6 57. g4 Re7+ 58. Kf4 Rf7+ 59. Kg3 Rc7 60. Bd2 Rd7 61. Bf4 Rd3+ 62. Kh4 Rd7 63. Rg5+ Kh7 64. Ra5 Rd6 65. Bxd6 Kg6 66. Bf4 Kh7 67. Rxa6 Kg8 68. Ra7 Kh8 69. h7 1/2-1/2

[Event "*** SCC Grand Prix: Titled Tuesday Blitz"]
[Site "Chess.com"]
[Date "2020.08.04"]
[Round "2"]
[White "VincentKeymer"]
[Black "csati17"]
[Result "1-0"]
[WhiteElo "2883"]
[BlackElo "2579"]
[TimeControl "180+1"]
[EndTime "14:03:57 PDT"]
[Termination "VincentKeymer won by resignation"]

1. Nf3 Nf6 2. c4 e6 3. Nc3 d5 4. e3 Be7 5. b3 O-O 6. Bb2 b6 7.
cxd5 exd5 8. d4 Bb7 9. Bd3 c5 10. O-O Nc6 11. Ne2 Re8 12. Rc1 Rc8 13. Bb1 Ne4 14.
Ng3 Nxg3 15. hxg3 Bf6 16. Qd2 Ba6 17. Rfd1 c4 18. bxc4 Bxc4 19. g4 g6 20. Ba3 Qd7 21. g5 Bg7 22. Bd3 Bxd3 23. Qxd3 Na5 24. Nd2 Qa4 25.
g3 b5 26. Bc5 Nc4 27. Qb3 Qa5 28. Nf3 a6 29. Kg2 f6 30. gxf6 Bxf6 31. Rh1 Re4 32.
Rh6 Bg7 33. Rh3 Bf8 34. Rch1 h5 35. Ng5 Rg4 36. Ne6 Bxc5 37. dxc5 Qd2 38. Rd1 Nxe3+ 39. Qxe3 Qxd1 40. Ng5 Re4 41. Nxe4 dxe4 42. Qxe4 Kh7 43.
Qe7+ Kh6 44. Qe3+ Kh7 45. Rh4 Qd5+ 46. Kh2 Rxc5 47. Qe7+ Kh6 48. Qf8+ Kh7 49. Qe7+ Kh6 50. Rf4 Rc8 51. Rf7 Rh8 52. Qf6 Qd8 53. Qg7+ Kg5 54.
Qe5+ Kh6 55. Qg7+ Kg5 56. f4+ Kg4 57. Qxg6+ Kf3 58. Qc6+ Kf2 59. Qc2+ Kf3 60. Rc7 Re8 61. Rc3+ Re3 62. Qg2+ Kg4 63. Rxe3 1-0

[Event "*** SCC Grand Prix: Titled Tuesday Blitz"]
[Site "Chess.com"]
[Date "2020.08.04"]
[Round "2"]
[White "Andreikka"]
[Black "Fh2411"]
[Result "1-0"]
[WhiteElo "2842"]
[BlackElo "2545"]
[TimeControl "180+1"]
[EndTime "14:03:58 PDT"]
[Termination "Andreikka won on time"]

1. c4 c6 2. d4 d5 3. Nf3 Nf6 4.
e3 Bg4 5. Qb3 Qb6 6. Ne5 Be6 7.
Nc3 Qxb3 8. axb3 Nbd7 9. Nxd7 Nxd7 10. e4 dxe4 11. Nxe4 Bf5 12. Ng3 Bg6 13. f4 e6 14.
Bd2 Be7 15. Be2 a6 16. Bc3 Bf6 17. O-O O-O 18. f5 exf5 19. Nxf5 Bxf5 20. Rxf5 Rfe8 21. Bd3 Re3 22. Rd1 Rae8 23. Kf2 g6 24. Rf3 Rxf3+ 25.
Kxf3 Bg5 26. Re1 Rxe1 27. Bxe1 f5 28. g4 fxg4+ 29. Kxg4 Bf6 30. Bf2 Kf7 31. b4 Nf8 32. c5 Ne6 33. Bc4 Ke7 34. d5 Nd8 35. d6+ Kd7 36. Kf3 Bxb2 37. Be1 Bd4 38. Bf1 a5 39. Bh3+ Ne6 40. Ke4 Bf6 41. bxa5 h5 42. Bb4 g5 43. Bf5 g4 44. Bd2 Bb2 45. Be3 Bf6 46. h3 g3 47. h4 Bxh4 48. Ke5 g2 49. Bxe6+ Kd8 50.
Bh3 Bg3+ 51. Ke6 Be1 52. Bg5+ 1-0

[Event "*** SCC Grand Prix: Titled Tuesday Blitz"]
[Site "Chess.com"]
[Date "2020.08.04"]
[Round "2"]
[White "Shield12"]
[Black "Zarikovs1999"]
[Result "1-0"]
[WhiteElo "2842"]
[BlackElo "2365"]
[TimeControl "180+1"]
[EndTime "14:03:58 PDT"]
[Termination "Shield12 won by resignation"]

1. e4 c5 2. Nf3 d6 3. Bb5+ Nd7 4. Ba4 Nf6 5. O-O Nxe4 6. Re1 Nf6 7. d4 cxd4 8. Nxd4 e6 9. Nb5 Be7 10. Nxd6+ Bxd6 11. Qxd6 a6 12. c4 b5 13. cxb5 Qb6 14. Bf4 axb5 15. Qxb6 Nxb6 16. Bxb5+ Ke7 17. Nc3 Nbd5 18.
Be5 Rg8 19. Bc6 Ra5 20. a3 Bd7 21. b4 Nxb4 22. Bxd7 Nxd7 23. axb4 Rxa1 24. Rxa1 Nxe5 25. Ra7+ Kf6 26. Ne4+ Kg6 27. Rb7 Rc8 28. g3 Rc4 29.
Nc5 Rc1+ 30. Kg2 Nc4 31. Nd3 Rb1 32. Rc7 Nd6 33. Rc6 Ne4 34. f3 Nd2 35. Rc2 Nb3 36. Rc4 Kf6 37. Kf2 Rd1 38. Ke2 Rd2+ 39. Ke3 Rxh2 40.
Rc3 Nd2 41. b5 Nf1+ 42. Kd4 Nxg3 43. b6 Ne2+ 44. Kc4 Nxc3 45. b7 Nd5 46. b8=Q Rc2+ 47.
Kd4 Rg2 48. Qe5+ Kg6 49. Qe4+ Kf6 50. Qh4+ g5 51. Qh6+ Ke7 52. Qxh7 Ra2 53. Nc5 Rd2+ 54. Kc4 Ne3+ 55. Kb5 Rd1 56. Qe4 Rb1+ 57. Qxb1 Nd5 58.
Qh7 Nc3+ 59. Kc6 Nd5 60. Ne4 Nb4+ 61. Kc5 Nd5 62. Nxg5 Ne3 1-0

[Event "*** SCC Grand Prix: Titled Tuesday Blitz"]
[Site "Chess.com"]
[Date "2020.08.04"]
[Round "2"]
[White "Fandorine"]
[Black "SiddharthGMJagadeesh"]
[Result "1-0"]
[WhiteElo "2904"]
[BlackElo "2593"]
[TimeControl "180+1"]
[EndTime "14:03:59 PDT"]
[Termination "Fandorine won by resignation"]

1. Nf3 d5 2. e3 Nf6 3. c4 e6 4. b3 c5 5. Bb2 Nc6 6. cxd5 exd5 7. Bb5 Bd6 8. d4 O-O 9. Nc3 Bg4 10. dxc5 Bxc5 11.
Bxc6 bxc6 12. O-O Bd6 13. Rc1 Qe7 14. Ne2 Bxf3 15. gxf3 c5 16. Kh1 Rad8 17. Rg1 d4 18. e4 Nh5 19. Qd3 Nf4 20. Nxf4 Bxf4 21. Rce1 Rd6 22. Rg4 Qe5 23. Bc1 Bxh2 24. Rg5 Qe7 25. Kxh2 Rh6+ 26. Kg2 Qe6 27. Rg3 Rh5 28. Rh1 Rxh1 29.
Kxh1 Rc8 30. Kg2 g6 31. Bh6 Qe5 32. Qa6 Rd8 33. Bg5 Re8 34. Bf6 Qc7 35. Qd3 Qd6 36.
e5 Qd5 37. Qe4 Qxe4 38. fxe4 a5 39. f4 Re6 40. Rd3 Ra6 41. Rd2 a4 42. Rc2 axb3 43.
axb3 Rc6 44. Kf3 Kf8 45. Ke2 Ke8 46. Kd3 Kd7 47. Kc4 Rb6 48. Ra2 Kc6 49. Rb2 h5 50. f5 Rb4+ 51. Kd3 gxf5 52. exf5 Kd5 53. Rb1 c4+ 54.
bxc4+ Rxc4 55. Rb5+ Rc5 56. Rxc5+ Kxc5 57. e6 fxe6 58.
fxe6 Kd6 59. e7 Kd7 60. Kxd4 Ke8 61. Ke5 Kf7 62. Kf5 Ke8 63. Bh4 Kf7 64. Kf4 Ke8 65. Bg5 Kf7 66. Kg3 Ke8 67. Kh4 Kf7 68. Kxh5 Ke8 69.
Kg6 Kd7 70. Kf7 1-0

[Event "*** SCC Grand Prix: Titled Tuesday Blitz"]
[Site "Chess.com"]
[Date "2020.08.04"]
[Round "2"]
[White "Sam_ChessMood"]
[Black "realmadridtv"]
[Result "1/2-1/2"]
[WhiteElo "2799"]
[BlackElo "2476"]
[TimeControl "180+1"]
[EndTime "14:04:06 PDT"]
[Termination "Game drawn by repetition"]

1. d4 Nf6 2. Nf3 g6 3. Nbd2 Bg7 4. e4 d6 5. Bd3 O-O 6. O-O c5 7. c3 cxd4 8. cxd4 Nc6 9. h3 e5 10. d5 Nd4 11. Nxd4 exd4 12. Nf3 Qb6 13. Bd2 Re8 14. Re1 Nd7 15. b4 Ne5 16. Nxe5 Bxe5 17. f4 Bg7 18. a4 a6 19. a5 Qd8 20. Qf3 Bd7 21. Rac1 Rc8 22. Rxc8 Qxc8 23. Rc1 Qb8 24. Qd1 Rc8 25. Rxc8+ Qxc8 26. Qc1 Qd8 27. Qe1 Qe8 28. Qe2 f5 29. Kh2 fxe4 30. Qxe4 Qf8 31. Qf3 Qf6 32. g4 Qf8 33. Kg2 Qf7 34. f5 gxf5 35. Bxf5 Bxf5 36. Qxf5 Qxf5 37. gxf5 Kf7 38. Kf3 Be5 39. Ke4 Kf6 40. Bh6 d3 41. Bd2 Bg3 42. Bc3+ Kg5 43. f6 Kg6 44.
Kxd3 Bh4 45. Bd2 Bxf6 46. Bf4 Be7 47. Ke4 Kf6 48. Be3 Kg6 49. Bd2 Bd8 50. Bf4 Be7 51. Bh2 Bf8 52. Kf4 Be7 53. Kg4 h5+ 54. Kf4 Bf8 55.
Ke4 Be7 56. Bf4 Bf8 57. Bd2 Be7 58. Be3 Bf8 59. Bb6 Be7 60. Bc7 Kg5 61. Bb8 Kg6 62. Bc7 Kg5 63. Bb8 Bf8 64. Bc7 Be7 1/2-1/2

[Event "*** SCC Grand Prix: Titled Tuesday Blitz"]
[Site "Chess.com"]
[Date "2020.08.04"]
[Round "2"]
[White "akretchetov"]
[Black "kleopl"]
[Result "0-1"]
[WhiteElo "2264"]
[BlackElo "2468"]
[TimeControl "180+1"]
[EndTime "14:04:06 PDT"]
[Termination "kleopl won by resignation"]

1. d4 Nf6 2. c4 g6 3. Nc3 d5 4.
Nf3 Bg7 5. Bg5 c6 6. Bxf6 Bxf6 7. cxd5 cxd5 8. Qb3 e6 9. e3 O-O 10. Be2 Nc6 11.
O-O b6 12. Rfc1 Na5 13. Qd1 Nc4 14. b3 Nd6 15. Rc2 a5 16. Rac1 Ba6 17. Bxa6 Rxa6 18. Qd3 Ra8 19. Nb5 Be7 20. Ne5 Rc8 21. Nc6 Qe8 22.
h3 Kg7 23. Nxd6 Bxd6 24. Qb5 Rb8 25. Qa6 Ra8 26. Qxb6 a4 27. b4 Qd7 28. b5 a3 29.
Rc3 Ra4 30. Rb3 Rfa8 31. Ne5 Qe7 32. Qc6 Rb8 33. Qc2 Bxe5 34. dxe5 Rb4 35. Rxb4 Qxb4 36. Rb1 Qa5 37. Qb3 Rb6 38. Kh2 Qa7 39. Qc3 Qa4 40. Qc5 Qa5 41. Rb3 h5 42. Qxa3 Qxa3 43. Rxa3 Rxb5 44.
h4 Rb4 45. Kg3 Rg4+ 46. Kh3 Re4 47. f4 d4 48. exd4 Rxf4 49. Rd3 Rf2 50. a3 Ra2 51. Kg3 Kf8 52. Kf4 Rxg2 53. Ke4 Rg4+ 54. Kf3 Rxh4 55. Kg3 Rh1 56. d5 exd5 57. Rxd5 Ra1 58.
Ra5 Kg7 59. Ra6 g5 60. a4 Ra3+ 61. Kf2 h4 62. a5 g4 63. Ra7 Kg6 64. a6 Kf5 65.
Rxf7+ Kxe5 66. a7 Ke4 67. Rg7 Kf4 68. Rf7+ Kg5 69. Rg7+ Kf5 70. Rf7+ Kg6 71. Rb7 h3 72. Rc7 g3+ 73. Kg1 Ra1+ 0-1

[Event "*** SCC Grand Prix: Titled Tuesday Blitz"]
[Site "Chess.com"]
[Date "2020.08.04"]
[Round "2"]
[White "Anton_Demchenko"]
[Black "arminmusovic"]
[Result "1-0"]
[WhiteElo "2830"]
[BlackElo "2524"]
[TimeControl "180+1"]
[EndTime "14:04:07 PDT"]
[Termination "Anton_Demchenko won by resignation"]

1. e4 c6 2. d4 d5 3. Nd2 dxe4 4. Nxe4 Nf6 5. Ng3 e5 6. Qe2 Qxd4 7. Nf3 Qb4+ 8. c3 Qe7 9. Nxe5 Nbd7 10. Nc4 Qxe2+ 11.
Bxe2 Nb6 12. Na5 Bd6 13. O-O O-O 14. Bf3 Bc7 15. Re1 h6 16. Nb3 Re8 17. Rxe8+ Nxe8 18. Nc5 Nc4 19. Be2 Ne5 20. Be3 b6 21. Na6 Ng4 22.
Nxc7 Nxc7 23. Bd2 Nd5 24. Re1 Bd7 25. h3 Ngf6 26. c4 Nc7 27. Bf3 Re8 28. Kf1 Rxe1+ 29. Kxe1 Ne6 30. Bc3 Ne8 31. Nf5 Kf8 32. Be4 h5 33.
Bc2 g6 34. Ne3 Nf4 35. h4 Nd6 36. Be5 Nxg2+ 37. Nxg2 Nxc4 38. Bc3 Be6 39. b3 Nd6 40. Ne3 Ke7 41. Ke2 b5 42. Bd4 a6 43. Bc5 Kd7 44. Kf3 Nb7 45. Bf8 c5 46. Ke4 Ke8 47. Bg7 Nd6+ 48. Ke5 Ke7 49. Bf8+ Kxf8 50. Kxd6 c4 51.
bxc4 bxc4 52. Kc5 c3 53. a3 g5 54. hxg5 h4 55. Kd4 h3 56. Nf1 Bd7 57. Kxc3 Bc6 58. Kd4 Kg7 59. f4 f6 60. Ke3 fxg5 61. fxg5 Bb5 62.
Nh2 Bc6 63. Kf4 Bg2 64. Bf5 Bc6 65. Bxh3 a5 66. Bf5 Be8 67. Ng4 Bf7 68. Ne5 Bg8 69. Nc6 Bd5 70. Nxa5 Kf7 71. Ke5 Ba2 72. Nc6 Kg7 73.
Nd4 Bb3 74. Nxb3 1-0

[Event "*** SCC Grand Prix: Titled Tuesday Blitz"]
[Site "Chess.com"]
[Date "2020.08.04"]
[Round "2"]
[White "chess_rehab"]
[Black "ace_mar"]
[Result "0-1"]
[WhiteElo "2300"]
[BlackElo "2485"]
[TimeControl "180+1"]
[EndTime "14:04:07 PDT"]
[Termination "ace_mar won on time"]

1. e4 e5 2. Nf3 Nc6 3. Bc4 Bc5 4.
b4 Bxb4 5. c3 Ba5 6. d4 b5 7.
Bxb5 Nxd4 8. Nxd4 exd4 9. Qxd4 Qf6 10. O-O Qxd4 11. cxd4 Bb6 12. Be3 Ne7 13. Nc3 O-O 14. a4 c6 15. Bd3 Ba5 16. Rac1 Rb8 17. Bf4 Rb3 18. Bd2 Ra3 19. Ra1 Rxc3 20. Bxc3 Bxc3 21. Rab1 Bxd4 22. Rfd1 Bb6 23. Bc4 Rd8 24. e5 Bc7 25.
f4 d6 26. exd6 Rxd6 27. Rxd6 Bxd6 28. g3 Kf8 29. Kg2 Nf5 30. Kf3 Nd4+ 31. Ke3 c5 32.
a5 Nc2+ 33. Kd2 Nb4 34. a6 Ke7 35. Re1+ Kf8 36. Bb5 Be7 37. Re5 Bxa6 38. Bxa6 Nxa6 39. Kd3 Ke8 40. Kc4 Kd7 41. Rd5+ Kc6 42. Rd1 Nc7 43. Ra1 a6 44. Re1 Bf6 45. Rd1 Bd4 46. Rb1 a5 47. Re1 a4 48. Rb1 a3 49. Kb3 Bb2 50. Ka2 Nb5 51. Kb3 Nd4+ 52. Ka2 Kb5 53. f5 Nxf5 54. g4 Nd4 55. g5 Kb4 56. g6 hxg6 57. h4 Nb5 58. Rxb2+ axb2 59. h5 gxh5 60. Kb1 h4 61. Kc2 h3 62. Kb1 h2 63.
Kc2 h1=Q 64. Kd3 Qd5+ 65. Kc2 Qc4+ 66. Kd2 Qc3+ 67. Ke2 b1=Q 0-1

[Event "*** SCC Grand Prix: Titled Tuesday Blitz"]
[Site "Chess.com"]
[Date "2020.08.04"]
[Round "2"]
[White "AvitalBor"]
[Black "WanderingPuppet"]
[Result "0-1"]
[WhiteElo "2755"]
[BlackElo "2514"]
[TimeControl "180+1"]
[EndTime "14:04:13 PDT"]
[Termination "WanderingPuppet won by resignation"]

1. Nf3 Nf6 2. g3 g6 3. Bg2 Bg7 4. O-O O-O 5. c4 d6 6. d4 c6 7. Nc3 Bf5 8. b3 Ne4 9. Bb2 Nxc3 10. Bxc3 Be4 11. Qd2 d5 12. Rfe1 Nd7 13. Bh3 Nf6 14.
Qb2 e6 15. Ne5 g5 16. f3 Bf5 17. Bg2 Nd7 18. Nxd7 Qxd7 19. Rad1 Rfd8 20. e4 dxe4 21. fxe4 Bg4 22. Rd3 a5 23. a4 Re8 24. e5 Bf5 25.
Rdd1 h6 26. h3 Bf8 27. Qd2 b6 28. Kh2 Red8 29. Bf3 Rac8 30. Rg1 Be7 31. Qf2 Qe8 32. Rd2 Qf8 33. Qg2 Bb4 34. Rc1 Bxc3 35. Rxc3 Qb4 36. Re3 b5 37. axb5 cxb5 38. d5 bxc4 39. bxc4 Rxc4 40.
d6 a4 41. Re1 Qxd2 42. Qxd2 Rc2 43. Qxc2 Bxc2 44. Rc1 Bb3 45. Rc3 f6 46. Bc6 fxe5 47.
d7 Kf7 48. Bb5 Ke7 49. Rc8 e4 50. Kg2 a3 51. Rc1 a2 52. Kf2 Bd5 53. Ke3 Kd6 54. Kd4 Rxd7 55. Bxd7 Kxd7 56. Ke5 Ke7 57. h4 gxh4 58.
gxh4 e3 59. Kd4 e2 60. Ke3 Kf6 61. Kxe2 Kf5 62. Rg1 Be4 63. Ke3 Bb1 64. Rf1+ Ke5 65. Rf8 a1=Q 66. Rd8 Qa3+ 0-1

[Event "*** SCC Grand Prix: Titled Tuesday Blitz"]
[Site "Chess.com"]
[Date "2020.08.04"]
[Round "2"]
[White "German_Bazeev"]
[Black "mapleaff"]
[Result "1-0"]
[WhiteElo "2730"]
[BlackElo "2356"]
[TimeControl "180+1"]
[EndTime "14:04:13 PDT"]
[Termination "German_Bazeev won by checkmate"]

1. d4 Nf6 2. c4 e6 3. Nc3 d5 4. Nf3 Be7 5. Bg5 h6 6. Bf4 O-O 7. e3 c5 8. dxc5 Bxc5 9. cxd5 Nxd5 10. Nxd5 exd5 11. Bd3 Bb4+ 12. Nd2 d4 13. e4 Nc6 14. O-O Bd6 15. Bg3 Bxg3 16. hxg3 Ne5 17. Nc4 Nxc4 18. Bxc4 Qb6 19. Qb3 Qxb3 20. axb3 Be6 21.
Rfd1 Rfd8 22. f3 a6 23. Kf2 Rac8 24. Rac1 Bxc4 25. Rxc4 Rxc4 26. bxc4 Kf8 27. Ke2 Ke7 28.
Kd3 Kd6 29. Ra1 Kc5 30. Ra4 g6 31. b4+ Kc6 32. Ra5 f5 33. exf5 gxf5 34. Rxf5 b5 35.
Rf6+ Kb7 36. cxb5 axb5 37. Rxh6 Rc8 38. Kxd4 Rc4+ 39. Kd5 Rxb4 40. Rh4 Rb2 41. Kc5 Rxg2 42. Rg4 Ka6 43. Rg8 Rc2+ 44. Kb4 Rc4+ 45. Kb3 Rd4 46. f4 Rd3+ 47. Kc2 Rf3 48. Kd2 b4 49. Ke2 Rc3 50. g4 b3 51. Rb8 Rg3 52. g5 b2 53. Kf2 Rg4 54. Kf3 Rg1 55. Rxb2 Rf1+ 56. Ke4 Rg1 57. Kf5 Ka7 58. g6 Ka8 59. Kf6 Rc1 60.
f5 Rc6+ 61. Kg5 Rc7 62. f6 Rc5+ 63. Kh6 Rc6 64. f7 Rc8 65. Kg7 Rd8 66. f8=Q Rxf8 67. Kxf8 Ka7 68. g7 Ka8 69. g8=Q Ka7 70. Qa2# 1-0

[Event "*** SCC Grand Prix: Titled Tuesday Blitz"]
[Site "Chess.com"]
[Date "2020.08.04"]
[Round "2"]
[White "frederiksvane"]
[Black "rasmussvane"]
[Result "0-1"]
[WhiteElo "2566"]
[BlackElo "2875"]
[TimeControl "180+1"]
[EndTime "14:04:20 PDT"]
[Termination "rasmussvane won by checkmate"]

1. e4 c6 2. Nf3 d5 3. Nc3 dxe4 4.
Nxe4 Nf6 5. Qe2 Nxe4 6. Qxe4 Qa5 7. Qf4 Qf5 8. Qe3 g6 9. Qc3 Qf6 10. Qxf6 exf6 11. Bc4 Nd7 12. O-O Bd6 13. Re1+ Kf8 14. d4 Kg7 15. Bb3 Rd8 16. Bd2 Nf8 17. h3 Bf5 18. Rad1 b5 19. Ba5 Rd7 20. c4 a6 21.
c5 Bc7 22. Bxc7 Rxc7 23. d5 cxd5 24. Bxd5 Raa7 25. b4 a5 26. a3 axb4 27. axb4 Ra4 28. Rd4 Be6 29. Ree4 Bxd5 30. Rxd5 f5 31. Rh4 Kf6 32.
Rd6+ Ne6 33. Nd4 Rxb4 34. Nxe6 Rb1+ 35. Kh2 fxe6 36. c6 Rc1 37. Rb4 Ke7 38. Rd7+ Rxd7 39.
cxd7 Rc5 40. Rd4 Rd5 41. Rb4 Kxd7 42. Kg3 Kc6 43. Kf4 Kc5 44. Rb2 b4 45. Kg5 e5 46.
Kh6 Rd7 47. g4 Kc4 48. gxf5 gxf5 49. Kg5 Rf7 50. Rc2+ Kb5 51. Re2 e4 52. Rb2 Kc4 53. Rc2+ Kd4 54. Rd2+ Ke5 55. Rb2 Rg7+ 56. Kh6 Rb7 57.
h4 b3 58. h5 f4 59. f3 exf3 60. Kg5 Ke4 61. Kh6 Ke3 62. Kg5 f2 63. Rb1 b2 64.
Kh6 f3 65. Rg1 b1=Q 66. Rg5 Qb6+ 67. Rg6 hxg6 68. Kg5 gxh5 69. Kh4 Qg6 70. Kh3 Qg4+ 71. Kh2 Qg2# 0-1

[Event "*** SCC Grand Prix: Titled Tuesday Blitz"]
[Site "Chess.com"]
[Date "2020.08.04"]
[Round "2"]
[White "Koksik_13"]
[Black "ChessWarrior7197"]
[Result "1-0"]
[WhiteElo "2598"]
[BlackElo "2872"]
[TimeControl "180+1"]
[EndTime "14:04:25 PDT"]
[Termination "Koksik_13 won by resignation"]

1. e4 e5 2. Nf3 Nc6 3. Nc3 Nf6 4.
d4 exd4 5. Nxd4 Bb4 6. Nxc6 bxc6 7. Bd3 O-O 8. O-O d5 9. exd5 cxd5 10. h3 c6 11. Qf3 Rb8 12. Bf4 Bd6 13. b3 h6 14. Ne2 c5 15. Ng3 Bxf4 16. Qxf4 Rb4 17. c4 d4 18. Ne4 Nxe4 19. Qxe4 g6 20. Qe5 Qa5 21. h4 Rb6 22. h5 g5 23. Rae1 f6 24. Qe7 f5 25. Re5 Qd2 26. Bb1 g4 27. Qxc5 Rbf6 28. Rd5 Qg5 29. Qxd4 Qxh5 30. Qf4 Qg5 31.
Qxg5+ hxg5 32. Re1 Bb7 33. Rd7 Bc6 34. Rd4 Rh6 35. b4 f4 36. Re5 Rh5 37. b5 Ba8 38. Bg6 Rh6 39. Rxg5 Kh8 40. Rxg4 Rg8 41. Rd6 Be4 42.
Bxe4 Rxd6 43. Rh4+ Kg7 44. Rxf4 Rc8 45. Bd5 Rc5 46.
g3 a6 47. a4 axb5 48. axb5 Rc7 49. Kg2 Re7 50. Rg4+ Kf6 51. Rh4 Kg5 52. Rd4 Rf6 53.
c5 Re2 54. Rf4 Rxf4 55. gxf4+ Kxf4 56. c6 Ke5 57. c7 Rc2 58. Bc6 Kd6 59. c8=Q Re2 60.
Qd7+ Kc5 61. Qd5+ Kb6 62. Qd4+ Kc7 63. b6+ Kxc6 64. Qc4+ 1-0

[Event "*** SCC Grand Prix: Titled Tuesday Blitz"]
[Site "Chess.com"]
[Date "2020.08.04"]
[Round "2"]
[White "peixe64"]
[Black "Gahan-MG"]
[Result "1-0"]
[WhiteElo "2316"]
[BlackElo "2469"]
[TimeControl "180+1"]
[EndTime "14:04:25 PDT"]
[Termination "peixe64 won by resignation"]

1. e4 Nf6 2. e5 Nd5 3. d4 d6 4. Nf3 g6 5. Be2 Bg7 6. O-O O-O 7. c4 Nb6 8. exd6 exd6 9. Nc3 Nc6 10. Be3 Bg4 11.
b3 Re8 12. h3 Bxf3 13. Bxf3 Qh4 14. Nb5 Re7 15. c5 dxc5 16. dxc5 Bxa1 17. cxb6 Be5 18. Bxc6 bxc6 19. b7 Rb8 20. Nxa7 Rxb7 21. Qd8+ Kg7 22. Nxc6 Bf6 23. Nxe7 Bxe7 24. Qd4+ Bf6 25.
Qxh4 Bxh4 26. Rd1 Bf6 27. Rd7 Be5 28. Bc5 Kf6 29. b4 h5 30. a4 Bc3 31. b5 Ba5 32.
Kf1 Ke6 33. Re7+ Kd5 34. Be3 f6 35. Rg7 g5 36. g3 Kc4 37. Rf7 Bc3 38. b6 Be5 39. a5 Kb5 40. f4 gxf4 41. gxf4 Bd6 42. Rxf6 Kxa5 43. Rf5+ Ka6 44. bxc7 Bxc7 45. Rxh5 Rb3 46.
Ke2 Rb2+ 47. Kf3 Rb3 48. Rd5 Bb6 49. Re5 Kb7 50. h4 Bd4 51. Re7+ Kc6 52. Re4 Bg7 53. h5 Kd6 54. f5 Kd7 55. Re6 Rb4 56. Bf4 Rb3+ 57. Kg4 Rb1 58. Rg6 Bf8 59. h6 Rh1 60. f6 Ke6 61. Bg5 Kf7 62. Rg7+ Bxg7 63. fxg7 Kg8 64. Kf5 Kh7 65. Bf4 Rf1 66. Kg5 Rf3 67.
Kf5 Rf1 68. Kg5 Rb1 69. Be5 Rb6 70. Bf4 Ra6 71. Be5 Rg6+ 72. Kf5 Kxh6 73. Bf6 Kh7 74. Be5 Rg2 75. Bf6 Kg8 76. Ke6 Re2+ 77. Be5 Re1 78. Kf5 Kf7 79. Kf4 Rf1+ 80. Ke4 Rg1 81. Kf4 Ke6 82. Bd4 Kd5 83. Bxg1 1-0

[Event "*** SCC Grand Prix: Titled Tuesday Blitz"]
[Site "Chess.com"]
[Date "2020.08.04"]
[Round "2"]
[White "Steven_Rojas"]
[Black "Maghalashvili"]
[Result "1/2-1/2"]
[WhiteElo "2445"]
[BlackElo "2741"]
[TimeControl "180+1"]
[EndTime "14:04:29 PDT"]
[Termination "Game drawn by repetition"]

1. c4 g6 2. Nc3 Bg7 3. g3 c5 4. Bg2 Nc6 5. Nf3 Nh6 6. h4 Nf5 7. d3 h5 8. Bd2 b6 9. O-O Bb7 10. e3 O-O 11. Qe2 e6 12. Ne1 Na5 13. a3 Bxg2 14.
Nxg2 Nb3 15. Rad1 d5 16. cxd5 exd5 17. Be1 d4 18. Ne4 dxe3 19. fxe3 Re8 20. Qc2 Qd5 21. Bc3 Na5 22. Bxg7 Kxg7 23. Qf2 Qe5 24. Nf4 Nh6 25. Nf6 Kxf6 26. d4 Qf5 27. dxc5 Kg7 28. b4 Nc4 29. Rd5 Qe4 30. Rd4 Qxe3 31. Rxc4 Ng4 32. Qxe3 Nxe3 33.
Rfc1 Nxc4 34. Rxc4 bxc5 35. bxc5 Re3 36. Kg2 Rxa3 37.
c6 Rc8 38. c7 Ra5 39. Rc6 Rb5 40. Kf3 a5 41. Ke4 a4 42. Nd5 a3 43. Ne7 Re8 44.
c8=Q Rxe7+ 45. Kf3 Rb3+ 46. Rc3 a2 47. Rxb3 a1=Q 48. Qc3+ Qxc3+ 49. Rxc3 Re5 50. Kg2 Kf6 51. Ra3 Rf5 52. Ra6+ Kg7 53. Ra4 Rb5 54. Ra3 Rb4 55.
Kf3 f5 56. Ra6 Kh6 57. Rc6 Rb3+ 58. Kf4 Ra3 59. Rc8 Kg7 60. Rc7+ Kh6 61. Rc8 Ra1 62. Rc7 Rf1+ 63. Ke3 f4+ 64. gxf4 Rh1 65. f5 Rh3+ 66. Kf4 Rxh4+ 67. Ke5 gxf5 68. Kxf5 Rg4 69. Rc6+ Kh7 70. Rc7+ Kh6 71. Rc6+ Kg7 72. Rc7+ Kh6 1/2-1/2

[Event "*** SCC Grand Prix: Titled Tuesday Blitz"]
[Site "Chess.com"]
[Date "2020.08.04"]
[Round "2"]
[White "Sven_Tica"]
[Black "RaunakSadhwani2005"]
[Result "1-0"]
[WhiteElo "2643"]
[BlackElo "2959"]
[TimeControl "180+1"]
[EndTime "14:04:35 PDT"]
[Termination "Sven_Tica won by resignation"]

1. d4 f5 2. g3 Nf6 3. Bg2 g6 4. c3 Bg7 5. Qb3 Nc6 6. Nd2 a5 7. e4 a4 8. Qc2 fxe4 9. Nxe4 Nxe4 10. Qxe4 e5 11. dxe5 Qe7 12. f4 d6 13. exd6 Qxe4+ 14. Bxe4 cxd6 15. Nf3 Be6 16. O-O O-O-O 17. Ng5 Bc4 18.
Rd1 d5 19. Bg2 Rhe8 20. Bh3+ Kb8 21. Ne6 Rd7 22. Nxg7 Rxg7 23. f5 g5 24. f6 Rg6 25.
Bd7 Rf8 26. Bxc6 bxc6 27. b3 Bb5 28. bxa4 Bxa4 29. Rf1 Bb5 30. Rf5 h6 31. f7 Rg7 32.
a4 Bd3 33. Ba3 Rfxf7 34. Bd6+ Kb7 35. Rxf7+ Rxf7 36. a5 Ka6 37. h4 g4 38. Bf4 h5 39.
Kf2 Re7 40. Re1 Be4 41. Ra1 Rb7 42. Ke3 c5 43. Bd6 Rb3 44. Rc1 Rb5 45. Ra1 Bf3 46.
Kf4 d4 47. cxd4 cxd4 48. Be5 d3 49. Bc3 Rc5 50. Bd2 Rc2 51. Ke3 Be2 52. Ra4 Rc6 53.
Re4 Rf6 54. Rf4 Re6+ 55. Re4 Rc6 56. Re5 Rf6 57. Be1 Rh6 58. Bd2 Rh7 59. Kd4 Rd7+ 60. Ke3 Rh7 61. Kd4 Kb7 62. Be3 Rd7+ 63. Kc3 Rc7+ 64.
Rc5 Re7 65. Kd2 Rh7 66. Re5 Ka6 67. Bf4 Bf1 68. Be3 Rf7 69. Rxh5 Rb7 70. Bd4 Rb4 71. Rh6+ Kb7 72. Rb6+ Rxb6 73. axb6 Bg2 74. Kxd3 Kc6 75. Ke3 Kd6 76. Kf4 Bf3 77. h5 Ke6 78. h6 1-0

[Event "*** SCC Grand Prix: Titled Tuesday Blitz"]
[Site "Chess.com"]
[Date "2020.08.04"]
[Round "2"]
[White "amintabatabaei"]
[Black "Rodalquilar"]
[Result "1-0"]
[WhiteElo "2976"]
[BlackElo "2646"]
[TimeControl "180+1"]
[EndTime "14:04:36 PDT"]
[Termination "amintabatabaei won on time"]

1. e4 Nf6 2. e5 Nd5 3. d4 d6 4. c4 Nb6 5. exd6 cxd6 6. Nf3 g6 7. h3 Bg7 8. Be2 O-O 9. O-O Nc6 10. d5 Ne5 11. Nxe5 Bxe5 12. a4 a5 13. Nc3 Bg7 14. Nb5 Bd7 15. Ra2 Bxb5 16. axb5 Nd7 17. Be3 Nc5 18.
Qc2 b6 19. Re1 Rc8 20. Bg4 f5 21. Bf3 Bf6 22. Bh6 Rf7 23. Ra3 Qd7 24. Rae3 a4 25.
Ra3 Be5 26. Be3 h5 27. Bxc5 Rxc5 28. Rxa4 Qxb5 29. Ra8+ Kg7 30. b3 Qb4 31. Re2 b5 32. Rb8 Qa5 33. g3 Qc7 34. Rxb5 Rxb5 35. cxb5 Qb6 36.
Qc6 Qd4 37. b6 h4 38. b7 Rf8 39. Qc7 hxg3 40. b8=Q Rxb8 41. Qxb8 gxf2+ 42. Kg2 Qf4 43. Kxf2 Bd4+ 44. Kg2 Qg5+ 45. Bg4 fxg4 46. Qb5 gxh3+ 47. Kxh3 Qh5+ 48. Kg2 Qg4+ 49. Kh2 Qg1+ 50. Kh3 Qh1+ 51. Kg3 Qg1+ 52. Kf3 Qf1+ 53. Ke4 Be5 54. Ke3 Qf4+ 55. Kd3 Qd4+ 56. Kc2 Qc3+ 57. Kd1 Qa1+ 58. Kd2 Qb2+ 59.
Ke3 Qd4+ 60. Kf3 Qf4+ 61. Kg2 Qg3+ 62. Kf1 Qf3+ 63. Ke1 Bc3+ 64. Kd1 Be5 65. Qc4 g5 66. b4 g4 67. Qe4 Qf1+ 68. Kc2 g3 69. Qg4+ Kf8 70.
b5 Ke8 71. Qc8+ Kf7 72. Qg4 1-0